 Dungeon Sprint DCSS version 0.27-a0-550-ge92ec0ca06 (webtiles) character file.

Game seed: 12508179724773155302

279114 mhtbhm the Axe Maniac (level 19, -1/207 HPs)
             Began as a Minotaur Fighter on Mar 7, 2021.
             Was the Champion of Trog.
             Killed by divine providence
             ... invoked by a daeva
              (11 damage)
             ... in the Dungeon (Sprint VII: "The Pits").
             The game lasted 00:33:20 (12090 turns).

mhtbhm the Axe Maniac (Minotaur Fighter)           Turns: 12090, Time: 00:33:22

Health: -1/207     AC: 51    Str: 41    XL:     19   Next: 65%
Magic:  22/22      EV: 14    Int: 15    God:    Trog [******]
Gold:   175        SH: 38    Dex: 11    Spells: 18/18 levels left

rFire    + + +     SeeInvis +   a - +6 broad axe of Dishonour {vorpal, rElec rC+ Will+}
rCold    + . .     Faith    .   c - +3 tower shield {AC+3}
rNeg     + . .     Spirit   .   b - +8 gold dragon scales
rPois    +         Reflect  +   n - +2 hat "Quese" {rElec Int+4 Dex+4}
rElec    +         Harm     .   p - +1 cloak {rCorr}
rCorr    +         Rampage  .   E - +4 pair of gloves
Will     +++++     Rnd*Rage +   o - +0 pair of boots of Trumpets {rElec rF+ rN+} Stlth +.........NoTele +
                                L - amulet "Gevunt" {Reflect Str+7 Int+3 SH+5}
HPRegen  0.44/turn              g - ring of Rijuishra {Fire *Drain Will+++ Dex-2 Slay+5}
MPRegen  0.18/turn              y - ring "Etzig" {+Inv Will+ Str+6 Int+3 SInv}

@: berserk cooldown, slowed, glowing, very slow
A: horns 2, berserk 1, clumsy 1, fire resistance 1, low mp 2, evolution 1,
subdued magic 1, MP-powered wands, retaliatory headbutt
}: 2/3 runes: silver, iron
a: Renounce Religion, Evoke Invisibility, Berserk, Trog's Hand, Brothers in Arms


You were in the Dungeon.
You worshipped Trog.
Trog was exalted by your worship.
You visited 1 branch You collected 175 gold pieces.

Inventory:

Hand Weapons
 a - the +6 broad axe of Dishonour (weapon) {vorpal, rElec rC+ Will+}
   (Trog gifted it to you in the Dungeon)

   It inflicts extra damage upon your enemies.
   It protects you from cold.
   It insulates you from electricity.
   It affects your willpower, your defense against some magical effects.
 r - the +5 executioner's axe of Viny Valiance {holy, rN+ Int+4}
   (You found it in the Dungeon)

   It has been blessed by the Shining One to cause great damage to the undead
   and demons.
   It affects your intelligence (+4).
   It protects you from negative energy.
 I - a +11 broad axe of draining
Missiles
 z - 2 silver boomerangs (quivered)
Armour
 b - +8 gold dragon scales (worn)
 c - a +3 tower shield of protection (worn)
 n - the +2 hat "Quese" (worn) {rElec Int+4 Dex+4}
   (You found it in the Dungeon)

   It affects your intelligence (+4).
   It affects your dexterity (+4).
   It insulates you from electricity.
 o - the +0 pair of boots of Trumpets (worn) {rElec rF+ rN+}
   (You found it in the Dungeon)

   It protects you from fire.
   It insulates you from electricity.
   It protects you from negative energy.
 p - a +1 cloak of preservation (worn)
 E - a +4 pair of gloves (worn)
Jewellery
 f - the amulet of Vitality {Regen+ HP+15}
   (You found it in the Dungeon)

   [amulet of regeneration]

   It affects your health (+15).
   It increases your rate of regeneration.
 g - the ring of Rijuishra (left hand) {Fire *Drain Will+++ Dex-2 Slay+5}
   (You found it in the Dungeon)

   [ring of fire]

   It enhances your fire magic.
   It affects your dexterity (-2).
   It affects your accuracy and damage with ranged weapons and melee attacks
   (+5).
   It protects you from fire.
   It makes you vulnerable to cold.
   It affects your willpower, your defense against some magical effects.
   It causes draining when unequipped.
 y - the ring "Etzig" (right hand) {+Inv Will+ Str+6 Int+3 SInv}
   (You found it in the Dungeon)

   [ring of strength]

   It affects your strength (+6).
   It affects your intelligence (+3).
   It affects your willpower, your defense against some magical effects.
   It lets you see invisible.
   It lets you turn invisible.
 J - the ring "Meociuck" {Str+2 Dex+2 Slay+5}
   (You found it in the Dungeon)

   [ring of slaying]

   It affects your strength (+2).
   It affects your dexterity (+2).
   It affects your accuracy and damage with ranged weapons and melee attacks
   (+5).
 L - the amulet "Gevunt" (around neck) {Reflect Str+7 Int+3 SH+5}
   (You found it in the Dungeon)

   [amulet of reflection]

   It shields you and reflects attacks.
   It affects your strength (+7).
   It affects your intelligence (+3).
   It affects your SH (+5).
 W - the amulet "Cius Pei" {Reflect rElec rN+ Slay+2 SH+5}
   (You found it in the Dungeon)

   [amulet of reflection]

   It shields you and reflects attacks.
   It affects your accuracy and damage with ranged weapons and melee attacks
   (+2).
   It insulates you from electricity.
   It protects you from negative energy.
   It affects your SH (+5).
Wands
 m - a wand of random effects (22)
 w - a wand of iceblast (19)
Scrolls
 j - 6 scrolls of enchant armour
 q - a scroll of blinking
 t - 12 scrolls of identify
 u - 6 scrolls of enchant weapon
 x - a scroll of fear
Potions
 d - 3 potions of might
 e - 12 potions of curing
 h - 9 potions of magic
 i - 10 potions of berserk rage
 k - a potion of invisibility
 s - a potion of resistance
 v - 15 potions of heal wounds
 B - 6 potions of haste
 D - 2 potions of mutation
Miscellaneous
 l - a phantom mirror
 A - a phial of floods
 F - a tin of tremorstones (2/2)
 H - a condenser vane


   Skills:
 O Level 27 Fighting
 + Level 13.0(15.9) Short Blades
 + Level 16.6(18.4) Long Blades
 O Level 27 Axes
 + Level 14.1(23.2) Maces & Flails
 + Level 14.0(23.2) Polearms
 + Level 13.8(17.9) Staves
 + Level 12.8(14.8) Slings
 - Level 8.3 Bows
 - Level 8.3 Crossbows
 + Level 11.9(13.8) Throwing
 O Level 27 Armour
 + Level 14.3 Dodging
 O Level 27 Stealth
 O Level 27 Shields
 - Level 3.5 Unarmed Combat
 + Level 14.5 Invocations
 + Level 18.5 Evocations


You had 18 spell levels left.
You didn't know any spells.
Your spell library was empty.

Dungeon Overview and Level Annotations

Branches:
Dungeon (1/1)

Altars:
Cheibriados
Dithmenos
Elyvilon
Fedhas
Gozag
Hepliaklqana
Makhleb
Nemelex Xobeh
Okawaru
Qazlal
Ru
Sif Muna
Trog
Vehumet
Wu Jian
Xom
Yredelemnul
Zin
The Shining One
Beogh
Jiyva
Lugonu


Innate Abilities, Weirdness & Mutations

You have a pair of horns on your head.
You reflexively headbutt those who attack you in melee.
You tend to lose your temper in combat.
You are clumsy. (Dex -2)
Your flesh is heat resistant. (rF+)
Your magical capacity is very low. (-20% MP)
You evolve.
Your spells are a little easier to cast, but a little less powerful.
You expend magic power (3 MP) to strengthen your wands.


Message History

The angel is heavily wounded.
The daeva calls down the wrath of the Shining One upon you.
The Shining One smites you!
* * * LOW HITPOINT WARNING * * *
You block the angel's attack. The angel hits you but does no damage.
The cherub sings a powerful hymn!
The cherub goes into a battle-frenzy!
You barely miss the angel.
The angel is heavily wounded.
The daeva calls down the wrath of the Shining One upon you.
The Shining One smites you!
* * * LOW HITPOINT WARNING * * *
Unknown command.
You chop the angel into pieces!!!
You kill the angel!
Trog accepts your kill.
Unknown command.
You block the angel's attack. x2
The daeva calls down the wrath of the Shining One upon you.
The Shining One smites you!
* * * LOW HITPOINT WARNING * * *
There is an open door here.
Items here: ( )))) ? [[[[.
Unknown command.
You hit the angel.
The angel is lightly wounded.
You block the angel's attack. x2
Unknown command.
The daeva calls down the wrath of the Shining One upon you.
The Shining One smites you!
* * * LOW HITPOINT WARNING * * *
Things that are here:
a +1 whip of holy wrath; a +0 hunting sling; a +0 robe You feel a strong urge to attack something.
You are no longer berserk.
You are exhausted.
You feel yourself slow down.
The daeva calls down the wrath of the Shining One upon you.
The Shining One smites you!
You die...

##.###.###.##''.A.#
##* ### #######A##
################A#
.#...='....#))##A#
)#....#....#))##)#
'######'##'#))##.#
.....)(....#))##)#
....).รท....##'##A#
.#..#))#......##@#
.....).....##'##)#
...........#[[##'#
'######'##'#.[##)#
.#....#....#[[##)#
.#...!'....#[[##.#
################'#
################'#
....)............#


You could see 2 daevas, an angel (strong) and a cherub (strong).

Vanquished Creatures
  Ereshkigal (D)
  Ignacio (D)
  3 ancient liches (D)
  An orb of fire (D)
  2 pandemonium lords (D)
  A royal mummy (D)
  Margery (D)
  Frederick (D)
  3 Killer Klowns (D)
  5 curse toes (D)
  Xtahua (D)
  Nikola (D)
  2 bone dragons (D)
  A Tzitzimitl (D)
  2 electric golems (D)
  2 Brimstone Fiends (D)
  An Ice Fiend (D)
  A tentacled monstrosity (D)
  A Hell Sentinel (D)
  2 deep elf blademasters (D)
  4 liches (D)
  A titan (D)
  A quicksilver dragon (D)
  3 deep elf master archers (D)
  An acid blob (D)
  3 death cobs (D)
  An Executioner (D)
  2 storm dragons (D)
  5 azure jellies (D)
  A nagaraja (D)
  3 shadow dragons (D)
  4 daevas (D)
  An orc warlord (D)
  2 draconian scorchers (D)
  A draconian knight (D)
  A ghost moth (D)
  3 balrugs (D)
  2 iron dragons (D)
  3 fire giants (D)
  2 draconian stormcallers (D)
  2 emperor scorpions (D)
  A cacodemon (D)
  4 ghouls (D)
  16 angels (D)
  A draconian shifter (D)
  A spriggan defender (D)
  A draconian annihilator (D)
  A war gargoyle (D)
  A stone giant (D)
  4 deep elf demonologists (D)
  A green draconian (D)
  5 vampire knights (D)
  A red draconian (D)
  A dire elephant (D)
  2 deep elf annihilators (D)
  A white draconian (D)
  2 apis (D)
  An ettin (D)
  2 blizzard demons (D)
  An eidolon (D)
  4 green deaths (D)
  A deep elf death mage (D)
  2 death oozes (D)
  2 fire dragons (D)
  2 deep elf high priests (D)
  3 naga warriors (D)
  2 vault guards (D)
  A boulder beetle (D)
  A hell beast (D)
  2 spriggan air magi (D)
  An ogre mage (D)
  5 two-headed ogres (D)
  2 death knights (D)
  7 vampire magi (D)
  3 alligators (D)
  A dancing weapon (D)
  2 deep troll shamans (D)
  A spriggan berserker (D)
  Nergalle (D)
  A deep elf knight (D)
  6 hell knights (D)
  2 sixfirhies (D)
  8 skeletal warriors (D)
  2 iron trolls (D)
  2 spriggan druids (D)
  A sea snake (D)
  A cherub (D)
  An unseen horror (D)
  2 deep trolls (D)
  3 bog bodies (D)
  6 flayed ghosts (D)
  A lindwurm (D)
  3 wizards (D)
  A deep elf zephyrmancer (D)
  7 orc knights (D)
  2 necromancers (D)
  A wolf spider (D)
  2 deep elf pyromancers (D)
  An ugly thing (D)
  A black mamba (D)
  A cyclops (D)
  A merfolk siren (D)
  A rust devil (D)
  2 smoke demons (D)
  3 elephants (D)
  A naga mage (D)
  2 eyes of devastation (D)
  5 yaktaurs (D)
  A komodo dragon (D)
  A kobold demonologist (D)
  2 freezing wraiths (D)
  2 hellions (D)
  2 tormentors (D)
  An efreet (D)
  2 red devils (D)
  3 ice devils (D)
  2 polar bears (D)
  3 hornets (D)
  A wind drake (D)
  A redback (D)
  2 flying skulls (D)
  An air elemental (D)
  5 vampires (D)
  5 spriggans (D)
  A ynoxinul (D)
  A tarantella (D)
  A wraith (D)
  2 wyverns (D)
  A golden eye (D)
  A chaos spawn (D)
  2 vampire mosquitoes (D)
  Menkaure (D)
  2 soldier ants (D)
  A warg (D)
  3 nagas (D)
  2 large abominations (D)
  2 swamp drakes (D)
  5 floating eyes (D)
  An orc warrior (D)
  A sky beast (D)
  An ice beast (D)
  3 necrophages (D)
  2 eyes of draining (D)
  3 ogres (D)
  A kobold brigand (D)
  A small abomination (D)
  6 killer bees (D)
  A hound (D)
  3 orc priests (D)
  Ijyb (D)
  3 orc wizards (D)
  A hell rat (D)
  A worker ant (D)
  A mummy (D)
  2 gnolls (D)
  A river rat (D)
  A white imp (D)
  2 ufetubi (D)
  An ooze (D)
  3 adder skeletons (D)
  4 adder simulacra (D)
  7 orcs (D)
  A ball python (D)
  A bat (D)
  3 bat skeletons (D)
  A bat zombie (D)
  A goblin (D)
  4 hobgoblins (D)
  3 jackals (D)
  A ball python zombie (D)
  A bat simulacrum (D)
  A frilled lizard (D)
  3 giant cockroach simulacra (D)
  2 giant cockroach zombies (D)
  A kobold (D)
  4 leopard gecko skeletons (D)
  A leopard gecko zombie (D)
  2 quokka skeletons (D)
  A quokka zombie (D)
  2 rats (D)
382 creatures vanquished.

Vanquished Creatures (collateral kills)
  A royal mummy (D)
  A pearl dragon (D)
  Frances (D)
  A death cob (D)
  A sphinx (D)
  A nagaraja (D)
  An orc warlord (D)
  An angel (D)
  2 deep elf demonologists (D)
  A yellow draconian (D)
  A deep elf high priest (D)
  An anaconda (D)
  A two-headed ogre (D)
  An alligator (D)
  A soul eater (D)
  3 hell knights (D)
  A sixfirhy (D)
  A phantasmal warrior (D)
  5 orc knights (D)
  A large abomination (D)
  A necromancer (D)
  A naga mage (D)
  A polar bear (shapeshifter) (D)
  An air elemental (D)
  A water elemental (D)
  A vampire (D)
  A fire elemental (D)
  A small abomination (D)
35 creatures vanquished.

Vanquished Creatures (others)
  A white draconian (D)
  A wizard (D)
  3 orc knights (D)
5 creatures vanquished.

Grand Total: 422 creatures vanquished

Notes
Turn   | Place    | Note
-------+----------+-------------------------------------------
     0 | D        | mhtbhm the Minotaur Fighter began the quest for the Orb.
     0 | D        | Reached XP level 1. HP: 19/19 MP: 0/0
    17 | D        | Found a bloodstained altar of Trog.
    17 | D        | Found a shimmering blue altar of Sif Muna.
    17 | D        | Found a viscous altar of Jiyva.
    17 | D        | Found a hazy altar of Hepliaklqana.
    17 | D        | Found an opulent altar of Gozag.
    18 | D        | Found a glowing golden altar of the Shining One.
    18 | D        | Found a glowing silver altar of Zin.
    18 | D        | Found a basalt altar of Yredelemnul.
    18 | D        | Found a shimmering altar of Xom.
    18 | D        | Found an ornate altar of the Wu Jian Council.
    18 | D        | Found a sacrificial altar of Ru.
    18 | D        | Found a stormy altar of Qazlal.
    18 | D        | Found an iron altar of Okawaru.
    18 | D        | Found a sparkling altar of Nemelex Xobeh.
    18 | D        | Found a burning altar of Makhleb.
    18 | D        | Found a blossoming altar of Fedhas.
    18 | D        | Found a white marble altar of Elyvilon.
    18 | D        | Found a shadowy altar of Dithmenos.
    18 | D        | Found a snail-covered altar of Cheibriados.
    20 | D        | Found a radiant altar of Vehumet.
    20 | D        | Found a corrupted altar of Lugonu.
    22 | D        | Became a worshipper of Trog the Wrathful
    66 | D        | Reached * piety under Trog
    76 | D        | Reached XP level 2. HP: 25/28 MP: 1/1
    82 | D        | Noticed Menkaure
    82 | D        | Noticed a floating eye
    85 | D        | Paralysed by a floating eye for 3 turns
    89 | D        | Killed a floating eye
    89 | D        | Reached ** piety under Trog
    90 | D        | Reached XP level 3. HP: 28/38 MP: 2/2
    90 | D        | Reached XP level 4. HP: 33/45 MP: 3/3
    94 | D        | Killed Menkaure
    94 | D        | Reached *** piety under Trog
    95 | D        | Reached XP level 5. HP: 22/53 MP: 4/4
   306 | D        | Noticed a flying skull
   315 | D        | Killed a flying skull
   315 | D        | Reached **** piety under Trog
   316 | D        | Reached XP level 6. HP: 56/64 MP: 5/5
   317 | D        | Reached skill level 10 in Armour
   319 | D        | Reached ***** piety under Trog
   457 | D        | Noticed a smoke demon
   466 | D        | Killed a smoke demon
   467 | D        | Reached skill level 10 in Fighting
   467 | D        | Reached skill level 1 in Dodging
   467 | D        | Reached skill level 10 in Shields
   467 | D        | Reached XP level 7. HP: 42/73 MP: 6/6
   623 | D        | Noticed Ijyb
   633 | D        | Killed Ijyb
   635 | D        | Identified the +6 scimitar of Ibepnoew {flame, *Rage rN++
                  | Int+2 Dex+2} (Trog gifted it to you in the Dungeon)
   635 | D        | Received a gift from Trog
   671 | D        | Noticed a ynoxinul
   680 | D        | Killed a ynoxinul
   681 | D        | Reached skill level 10 in Axes
   681 | D        | Reached XP level 8. HP: 82/82 MP: 7/7
   807 | D        | Noticed a cyclops
   814 | D        | Killed a cyclops
   842 | D        | Killed an unseen horror
   842 | D        | Reached ****** piety under Trog
   843 | D        | Reached skill level 1 in Stealth
  1078 | D        | Paralysed by a floating eye for 4 turns
  1079 | D        | Reached XP level 9. HP: 91/91 MP: 8/8
  1083 | D        | Received a gift from Trog
  1223 | D        | Noticed a spriggan druid
  1238 | D        | Killed a spriggan druid
  1436 | D        | Noticed a deep elf knight
  1445 | D        | Killed a deep elf knight
  1554 | D        | Noticed a komodo dragon
  1554 | D        | Noticed a death cob
  1561 | D        | Killed a komodo dragon
  1562 | D        | Reached skill level 15 in Axes
  1562 | D        | Reached XP level 10. HP: 102/102 MP: 9/9
  1575 | D        | Killed a death cob
  1835 | D        | Identified the +4 broad axe "Nupnot" {antimagic, Str+5
                  | Int-2} (Trog gifted it to you in the Dungeon)
  1835 | D        | Received a gift from Trog
  1855 | D        | Noticed a deep elf pyromancer
  1858 | D        | Killed a deep elf pyromancer
  1867 | D        | Identified the +6 broad axe of Dishonour {vorpal, rElec rC+
                  | Will+} (Trog gifted it to you in the Dungeon)
  1867 | D        | Received a gift from Trog
  1881 | D        | Reached skill level 15 in Fighting
  1888 | D        | Reached skill level 15 in Armour
  1913 | D        | Noticed a bog body
  1917 | D        | Killed a bog body
  1920 | D        | Noticed an orc knight
  1927 | D        | Received a gift from Trog
  1945 | D        | Killed an orc knight
  1946 | D        | Reached XP level 11. HP: 41/113 MP: 10/10
  1946 | D        | Received a gift from Trog
  2270 | D        | Noticed a sixfirhy
  2270 | D        | Noticed a boulder beetle
  2273 | D        | Killed a sixfirhy
  2276 | D        | Received a gift from Trog
  2286 | D        | Killed a boulder beetle
  2287 | D        | Reached skill level 5 in Dodging
  2390 | D        | Noticed a wizard
  2399 | D        | Received a gift from Trog
  2415 | D        | Noticed a deep elf zephyrmancer
  2417 | D        | Killed a wizard
  2417 | D        | Received a gift from Trog
  2427 | D        | Killed a deep elf zephyrmancer
  2683 | D        | Received a gift from Trog
  2726 | D        | Noticed a vampire knight
  2726 | D        | Noticed a vampire mage
  2726 | D        | Noticed a deep elf demonologist
  2726 | D        | Noticed a wizard
  2726 | D        | Noticed an alligator
  2726 | D        | Noticed an alligator
  2730 | D        | Killed a wizard
  2737 | D        | Killed an alligator
  2738 | D        | Killed a vampire mage
  2738 | D        | Killed an alligator
  2739 | D        | Reached skill level 15 in Shields
  2739 | D        | Reached XP level 12. HP: 127/127 MP: 9/11
  2744 | D        | Killed a deep elf demonologist
  2744 | D        | Identified the +2 war axe "Zixkecs" {vorpal, +Blink rPois}
                  | (Trog gifted it to you in the Dungeon)
  2744 | D        | Received a gift from Trog
  2746 | D        | Killed a vampire knight
  2757 | D        | Got the +2 plate armour "Yruluwin" {rPois rCorr}
  2930 | D        | Noticed a death cob
  2938 | D        | Killed a death cob
  2939 | D        | Noticed a death cob
  2958 | D        | Killed a death cob
  2962 | D        | Noticed a two-headed ogre
  2964 | D        | Killed a two-headed ogre
  2964 | D        | Received a gift from Trog
  2965 | D        | Identified the ring of Fatigue {rC+ Int+2}
  2965 | D        | Noticed Frances
  2968 | D        | Killed Frances
  2970 | D        | Noticed an anaconda
  2977 | D        | Killed an anaconda
  2981 | D        | Received a gift from Trog
  3244 | D        | Got the +0 pair of boots of Trumpets {rElec rF+ rN+}
  3260 | D        | Received a gift from Trog
  3604 | D        | Noticed an orb of fire
  3605 | D        | Gained mutation: Your spells are a little easier to cast,
                  | but a little less powerful. [an orb of fire]
  3606 | D        | Gained mutation: Scrolls take you a little longer to read.
                  | [an orb of fire]
  3606 | D        | Gained mutation: Your magical capacity is low. (-10% MP)
                  | [an orb of fire]
  3607 | D        | Gained mutation: You tend to lose your temper in combat.
                  | [an orb of fire]
  3621 | D        | Killed an orb of fire
  3622 | D        | Reached skill level 1 in Evocations
  3622 | D        | Reached XP level 13. HP: 25/139 MP: 1/10
  3674 | D        | Lost mutation: Your spells are a little easier to cast, but
                  | a little less powerful. [potion of mutation]
  3674 | D        | Lost mutation: Your magical capacity is low. (-10% MP)
                  | [potion of mutation]
  3674 | D        | Gained mutation: Scrolls take you longer to read. [potion
                  | of mutation]
  3674 | D        | Gained mutation: Your muscles are strong. (Str +2) [potion
                  | of mutation]
  3675 | D        | Lost mutation: Your muscles are strong. (Str +2) [potion of
                  | mutation]
  3675 | D        | Lost mutation: Scrolls take you longer to read. [potion of
                  | mutation]
  3675 | D        | Lost mutation: Scrolls take you a little longer to read.
                  | [potion of mutation]
  3675 | D        | Gained mutation: Your flesh is cold resistant. (rC+)
                  | [potion of mutation]
  3675 | D        | Gained mutation: You are resistant to electric shocks.
                  | (rElec) [potion of mutation]
  3953 | D        | Noticed a nagaraja
  3960 | D        | Killed a nagaraja
  3960 | D        | Received a gift from Trog
  3987 | D        | Noticed a Brimstone Fiend
  3994 | D        | Killed a Brimstone Fiend
  4111 | D        | Noticed a death ooze
  4113 | D        | Killed a death ooze
  4116 | D        | Noticed an Ice Fiend
  4122 | D        | Killed an Ice Fiend
  4333 | D        | Noticed an orc warlord
  4334 | D        | Noticed an orc warlord
  4341 | D        | Killed an orc warlord
  4341 | D        | Killed an orc warlord
  4343 | D        | Received a gift from Trog
  4344 | D        | Noticed Nergalle
  4347 | D        | Killed Nergalle
  4353 | D        | Received a gift from Trog
  4360 | D        | Reached skill level 5 in Stealth
  4368 | D        | Received a gift from Trog
  4369 | D        | Reached XP level 14. HP: 150/152 MP: 10/13
  4528 | D        | Got the +2 hat "Quese" {rElec Int+4 Dex+4}
  4810 | D        | Noticed Xtahua
  4811 | D        | Paralysed by Xtahua for 3 turns
  4821 | D        | Killed Xtahua
  4860 | D        | Noticed a royal mummy
  4860 | D        | Noticed a balrug
  4860 | D        | Noticed a pearl dragon
  4860 | D        | Noticed a fire giant
  4860 | D        | Noticed a storm dragon
  4860 | D        | Noticed an ancient lich
  4874 | D        | Killed an ancient lich
  4882 | D        | Killed a storm dragon
  4886 | D        | Killed a fire giant
  4895 | D        | Killed a pearl dragon
  4899 | D        | Killed a royal mummy
  4899 | D        | Received a gift from Trog
  4908 | D        | Killed a balrug
  5185 | D        | Noticed Kesifott the pandemonium lord
  5209 | D        | Gained mutation: You are frail. (-10% HP) [mutagenic glow]
  5217 | D        | Killed Kesifott the pandemonium lord
  5218 | D        | Gained mutation: Your magical capacity is low. (-10% MP)
                  | [mutagenic glow]
  5227 | D        | Gained mutation: You are very frail. (-20% HP) [mutagenic
                  | glow]
  5238 | D        | Gained mutation: Your magical capacity is very low. (-20%
                  | MP) [mutagenic glow]
  5262 | D        | Gained mutation: Scrolls take you a little longer to read.
                  | [mutagenic glow]
  5272 | D        | Gained mutation: Your spells are a little easier to cast,
                  | but a little less powerful. [mutagenic glow]
  5288 | D        | Gained mutation: You are weak. (Str -2) [mutagenic glow]
  5313 | D        | Gained mutation: Scrolls take you longer to read.
                  | [mutagenic glow]
  5331 | D        | Gained mutation: Your body sometimes deteriorates upon
                  | taking damage. [mutagenic glow]
  5639 | D        | Lost mutation: Scrolls take you longer to read. [potion of
                  | mutation]
  5639 | D        | Lost mutation: You are weak. (Str -2) [potion of mutation]
  5639 | D        | Lost mutation: Your body sometimes deteriorates upon taking
                  | damage. [potion of mutation]
  5639 | D        | Lost mutation: You are very frail. (-20% HP) [potion of
                  | mutation]
  5639 | D        | Lost mutation: You are resistant to electric shocks.
                  | (rElec) [potion of mutation]
  5639 | D        | Gained mutation: Your flesh is heat resistant. (rF+)
                  | [potion of mutation]
  5689 | D        | Noticed a curse toe
  5697 | D        | Killed a curse toe
  5698 | D        | Reached XP level 15. HP: 146/146 MP: 11/11
  5730 | D        | Noticed a deep elf master archer
  5736 | D        | Killed a deep elf master archer
  5743 | D        | Noticed an Executioner
  5750 | D        | Killed an Executioner
  5789 | D        | Received a gift from Trog
  5862 | D        | Noticed an azure jelly
  5865 | D        | Killed an azure jelly
  5997 | D        | Noticed a Brimstone Fiend
  6004 | D        | Killed a Brimstone Fiend
  6169 | D        | Noticed an electric golem
  6192 | D        | Killed an electric golem
  6271 | D        | Noticed a lich
  6277 | D        | Killed a lich
  6277 | D        | Received a gift from Trog
  6406 | D        | Gained mutation: You do not regenerate when monsters are
                  | visible. [a cacodemon]
  6513 | D        | Noticed a curse toe
  6525 | D        | Killed a curse toe
  6797 | D        | Noticed a quicksilver dragon
  6797 | D        | Noticed a deep elf blademaster
  6819 | D        | Killed a deep elf blademaster
  6829 | D        | Killed a quicksilver dragon
  6829 | D        | Received a gift from Trog
  7036 | D        | Noticed Ereshkigal
  7058 | D        | Noticed a Tzitzimitl
  7059 | D        | Killed Ereshkigal
  7060 | D        | Reached skill level 27 in Axes
  7106 | D        | Noticed a shadow dragon
  7113 | D        | Killed a shadow dragon
  7471 | D        | Noticed Margery
  7472 | D        | Noticed a Killer Klown
  7480 | D        | Killed Margery
  7480 | D        | Killed a Killer Klown
  7480 | D        | Received a gift from Trog
  7481 | D        | Reached XP level 16. HP: 162/162 MP: 11/11
  7644 | D        | Noticed Ignacio
  7651 | D        | Killed Ignacio
  7652 | D        | Reached skill level 27 in Fighting
  7652 | D        | Reached skill level 27 in Shields
  7665 | D        | Received a gift from Trog
  7734 | D        | Noticed a royal mummy
  7743 | D        | Killed a royal mummy
  8170 | D        | Noticed an ancient lich
  8170 | D        | Noticed Caerr the pandemonium lord
  8181 | D        | Killed an ancient lich
  8187 | D        | Killed Caerr the pandemonium lord
  8187 | D        | Received a gift from Trog
  8188 | D        | Reached skill level 27 in Armour
  8188 | D        | Reached skill level 15 in Stealth
  8355 | D        | Noticed an electric golem
  8377 | D        | Killed an electric golem
  8499 | D        | Noticed a Tzitzimitl
  8504 | D        | Killed a Tzitzimitl
  8510 | D        | Got the ring "Bihoawas" {Ice +Fly Int+4}
  8535 | D        | Got the ring of Bifrew {Fire Str+3}
  8538 | D        | Got the amulet of Trepidation {RegenMP Dex+4}
  8540 | D        | Got the ring of Dishonour {rC+ AC+4 Str+3 Dex+3}
  8542 | D        | Got the ring "Igaunu" {Ice +Fly Will- Str+4}
  8544 | D        | Got the ring "Teyfum" {rC+ Dex+6 SInv}
  8546 | D        | Got the ring "Borog" {+Inv rF+ rC+ Will- Dex+8}
  8549 | D        | Got the ring of Xaipixke {rElec Will- Str+8 Int+6 Stlth+}
  8551 | D        | Got an iron rune of Zot
  8554 | D        | Got the ring of Rycupluo {+Fly rPois}
  8556 | D        | Got the ring "Win Acy" {+Inv rC+ rN+ Str+6}
  8559 | D        | Got the ring "Ipuboupt" {rPois Int+4}
  8568 | D        | Got the ring "Qeih" {Int+6 Slay+3}
  8675 | D        | Noticed an ancient lich
  8686 | D        | Killed an ancient lich
  8686 | D        | Received a gift from Trog
  8687 | D        | Reached XP level 17. HP: 71/171 MP: 12/12
  8953 | D        | Noticed a lich
  8957 | D        | Killed a lich
  8966 | D        | Noticed a Hell Sentinel
  8976 | D        | Killed a Hell Sentinel
  9027 | D        | Got the amulet of Gealeoci {RegenMP rF+ Dex+4}
  9041 | D        | Got the ring of Rijuishra {Fire *Drain Will+++ Dex-2
                  | Slay+5}
  9043 | D        | Got the ring "Pufo" {rElec rF- rC+ AC+4 Int+2}
  9052 | D        | Got the amulet of Fovifie {Spirit rElec rC++ Int-3 Dex+3}
  9058 | D        | Got the +5 executioner's axe of Viny Valiance {holy, rN+
                  | Int+4}
  9168 | D        | Received a gift from Trog
  9174 | D        | Received a gift from Trog
  9185 | D        | Received a gift from Trog
  9265 | D        | Noticed a Hell Sentinel
  9266 | D        | Received a gift from Trog
  9276 | D        | Gained mutation: You are clumsy. (Dex -2) [a cacodemon]
  9276 | D        | Noticed a Tzitzimitl
  9283 | D        | Noticed a Tzitzimitl
  9286 | D        | Received a gift from Trog
  9637 | D        | Lost mutation: Scrolls take you a little longer to read.
                  | [potion of mutation]
  9637 | D        | Lost mutation: You are frail. (-10% HP) [potion of
                  | mutation]
  9637 | D        | Lost mutation: Your flesh is cold resistant. (rC+) [potion
                  | of mutation]
  9637 | D        | Lost mutation: You do not regenerate when monsters are
                  | visible. [potion of mutation]
  9637 | D        | Gained mutation: You evolve. [potion of mutation]
  9670 | D        | Got the ring "Dimi" {*Drain EV+4 Str+3 Int+10}
  9672 | D        | Got the amulet "Rauf" {Reflect Will+ MP+9 Slay-5 SH+5
                  | Stlth+}
  9674 | D        | Got the ring of the Queen {+Fly rF+ rN+ Will+}
  9676 | D        | Got the ring "Etzig" {+Inv Will+ Str+6 Int+3 SInv}
  9678 | D        | Got the ring of Citruew {Str+5 Dex+3 SInv}
  9680 | D        | Got the ring of Fuxt {rPois rF+ rN+}
  9682 | D        | Got the ring "Wony" {Wiz SInv}
  9684 | D        | Got the ring "Meociuck" {Str+2 Dex+2 Slay+5}
  9686 | D        | Got the ring "Silihal" {+Inv rElec Dex+6}
  9690 | D        | Got the amulet "Gevunt" {Reflect Str+7 Int+3 SH+5}
  9692 | D        | Got the ring of Nuga {Wiz rF- Will+ Dex+7 Stlth-}
  9694 | D        | Got the ring of Tender Moments {Dex+4 SInv}
  9696 | D        | Got the ring "Cegiv" {rElec rPois rC+ Int+6}
  9698 | D        | Got the ring "Ihehilui" {Will+ Slay+4}
  9700 | D        | Got the amulet "Ika Hatt" {RegenMP rF+}
  9702 | D        | Got the ring "Tulliusch" {rPois MP+9 EV+4 SInv}
  9704 | D        | Got the amulet of the Lumpy Mice {Spirit rElec rN+ MP-9}
  9706 | D        | Got the amulet "Ishreus" {Faith rElec rPois Will+ Slay-6}
  9708 | D        | Got the ring of Riol {Wiz +Fly}
  9710 | D        | Got the ring "Qedoomau" {*Drain +Fly rPois Int+5 Slay-4}
  9712 | D        | Got the amulet "Cius Pei" {Reflect rElec rN+ Slay+2 SH+5}
  9714 | D        | Got the ring of Giask {rElec rC+ rN+ Dex-4 Slay+5}
  9716 | D        | Got the ring "Vualuix" {Dex+6 Stlth+}
  9718 | D        | Got the ring of Zajer {*Drain rPois AC+6 Dex+8}
  9773 | D        | Got the ring "Miupam" {rPois rC+ Str-4 Dex+4}
  9888 | D        | Received a gift from Trog
 10008 | D        | Noticed a deep elf master archer
 10017 | D        | Received a gift from Trog
 10026 | D        | Received a gift from Trog
 10032 | D        | Received a gift from Trog
 10040 | D        | Killed a deep elf master archer
 10040 | D        | Received a gift from Trog
 10042 | D        | Noticed a curse toe
 10043 | D        | Reached skill level 27 in Stealth
 10046 | D        | Reached skill level 1 in Long Blades
 10046 | D        | Reached skill level 1 in Maces & Flails
 10046 | D        | Reached skill level 1 in Invocations
 10048 | D        | Reached skill level 1 in Short Blades
 10048 | D        | Reached skill level 1 in Polearms
 10048 | D        | Reached skill level 1 in Staves
 10048 | D        | Reached skill level 1 in Slings
 10048 | D        | Reached skill level 1 in Bows
 10048 | D        | Reached skill level 1 in Crossbows
 10048 | D        | Reached skill level 1 in Throwing
 10048 | D        | Reached skill level 1 in Unarmed Combat
 10049 | D        | Noticed a deep elf blademaster
 10050 | D        | Received a gift from Trog
 10059 | D        | Killed a deep elf blademaster
 10061 | D        | Killed a curse toe
 10061 | D        | Received a gift from Trog
 10062 | D        | Reached XP level 18. HP: 200/200 MP: 13/16
 10064 | D        | Noticed a bone dragon
 10065 | D        | Paralysed by a floating eye for 4 turns
 10074 | D        | Received a gift from Trog
 10078 | D        | Killed a bone dragon
 10079 | D        | Reached skill level 5 in Invocations
 10080 | D        | Received a gift from Trog
 10080 | D        | Noticed a curse toe
 10082 | D        | Reached skill level 5 in Maces & Flails
 10082 | D        | Reached skill level 5 in Polearms
 10085 | D        | Noticed Frederick
 10088 | D        | Reached skill level 5 in Staves
 10088 | D        | Killed a curse toe
 10089 | D        | Reached skill level 5 in Short Blades
 10089 | D        | Reached skill level 5 in Slings
 10089 | D        | Reached skill level 5 in Bows
 10089 | D        | Reached skill level 5 in Crossbows
 10099 | D        | Received a gift from Trog
 10102 | D        | Killed Frederick
 10103 | D        | Reached skill level 5 in Throwing
 10104 | D        | Received a gift from Trog
 10331 | D        | Gained mutation: You expend magic power (3 MP) to
                  | strengthen your wands. [evolution]
 10430 | D        | Found the amulet of Vitality {Regen+ HP+15}
 10627 | D        | Noticed a bone dragon
 10627 | D        | Noticed a lich
 10628 | D        | Identified the +9 quarterstaff "Demonslayer" {antimagic,
                  | Int+4}
 10641 | D        | Killed a bone dragon
 10642 | D        | Reached skill level 10 in Long Blades
 10642 | D        | Reached skill level 5 in Evocations
 10651 | D        | Received a gift from Trog
 10655 | D        | Killed a lich
 10656 | D        | Received a gift from Trog
 10657 | D        | Reached skill level 10 in Dodging
 10661 | D        | Received a gift from Trog
 10665 | D        | Received a gift from Trog
 10667 | D        | Reached skill level 10 in Invocations
 10668 | D        | Received a gift from Trog
 10671 | D        | Received a gift from Trog
 10674 | D        | Received a gift from Trog
 10678 | D        | Received a gift from Trog
 10691 | D        | Got a silver rune of Zot
 10712 | D        | Got the ring "Weolamez" {rF++ Str-4 Dex+6}
 10782 | D        | Got the ring of Heac {Fire *Slow rElec MP+9}
 10888 | D        | Noticed a curse toe
 10898 | D        | Killed a curse toe
 10899 | D        | Reached skill level 10 in Maces & Flails
 10899 | D        | Reached skill level 10 in Polearms
 11154 | D        | Noticed a tentacled monstrosity
 11156 | D        | Reached skill level 10 in Staves
 11158 | D        | Received a gift from Trog
 11165 | D        | Killed a tentacled monstrosity
 11165 | D        | Received a gift from Trog
 11166 | D        | Reached skill level 10 in Short Blades
 11171 | D        | Reached skill level 10 in Slings
 11359 | D        | Paralysed by a floating eye for 2 turns
 11363 | D        | Received a gift from Trog
 11427 | D        | Noticed Nikola
 11432 | D        | Received a gift from Trog
 11433 | D        | Reached skill level 15 in Long Blades
 11433 | D        | Reached skill level 10 in Throwing
 11441 | D        | Killed Nikola
 11442 | D        | Reached XP level 19. HP: 201/207 MP: 22/22
 11477 | D        | Received a gift from Trog
 11485 | D        | Noticed a Killer Klown
 11494 | D        | Noticed a Killer Klown
 11496 | D        | Received a gift from Trog
 11497 | D        | Reached skill level 10 in Evocations
 11505 | D        | Killed a Killer Klown
 11505 | D        | Received a gift from Trog
 11515 | D        | Killed a Killer Klown
 11674 | D        | Got the ring "Qimowuf" {Wiz rElec Str+3 Int+4 Dex+4}
 11676 | D        | Got the ring of Mylus {rPois rC+ Str+6}
 11678 | D        | Got the amulet of Egomania {rPois Regen+}
 11680 | D        | Got the amulet of the Tarantula {Acrobat rPois rF- rC+++
                  | Dex-5}
 11682 | D        | Got the ring of Law {rF+ Str+2 Int+9 Stlth-}
 11684 | D        | Got the ring of Wialaytt {rN+ MP-9 Int+6}
 11686 | D        | Got the ring of the Establishment {+Inv +Fly SInv}
 11688 | D        | Got the ring "Ukyczitem" {rPois rF- Int+5 Dex+6 SInv
                  | Stlth-}
 11752 | D        | Received a gift from Trog
 11780 | D        | Found the +7 lajatang of Order {silver, rMut}
 11944 | D        | Identified the +4 hand crossbow of the Head {elec, rPois
                  | Will+ Int+3 Dex+3}
 11945 | D        | Noticed a pearl dragon
 11945 | D        | Identified the ring "Senoibai" {+Blink rPois rF- MP+9
                  | Str+4}
 11976 | D        | Received a gift from Trog
 12007 | D        | Received a gift from Trog
 12008 | D        | Reached skill level 15 in Evocations
 12014 | D        | HP: 10/207 [daeva/divine providence (11)]
 12060 | D        | Received a gift from Trog
 12089 | D        | HP: 14/310 [daeva/divine providence (14)]
 12090 | D        | Killed from afar by a daeva

Illustrated notes

Levels and vault maps discovered:
D:        pitsprint [storerooms_1, entrance_room_1, metal_vault_4, armoury_1,
          mini_pit_1, grid_room_1, main_hall_1, silver_pit, the_coven_2,
          the_vestibule_1, steel_vault_2, golden_pit, hallway_of_sentries,
          crystal_vault_4, iron_vault_1, final_vault]

Skill      XL: |  1  2  3  4  5  6  7  8  9 10 11 12 13 14 15 16 17 18 19 |
---------------+----------------------------------------------------------+-----
Fighting       | 4 6 8 9 10 11 12 13 15 17 20 21 23 26 27 | 27.0
Armour         | 4 6 8 9 11 12 13 15 16 18 19 20 22 27 | 27.0
Shields        | 4 6 7 9 10 11 12 13 15 18 19 21 25 27 | 27.0
Axes           | 4 6 7 9 10 12 15 17 19 21 23 25 27 | 27.0
Dodging        | 1 2 4 5 6 7 8 12 14 | 14.3
Stealth        | 1 2 6 13 19 27 | 27.0
Evocations     | 1 3 9 18 | 18.5
Long Blades    | 6 15 16 | 16.6
Maces & Flails | 4 12 14 | 14.1
Invocations    | 4 13 14 | 14.5
Short Blades   | 3 11 13 | 13.0
Polearms       | 4 12 14 | 14.0
Staves         | 4 12 13 | 13.8
Slings         | 3 11 12 | 12.8
Bows           | 3 8 |  8.3
Crossbows      | 3 8 |  8.3
Throwing       | 3 10 11 | 11.9
Unarmed Combat | 3 |  3.5

Action                   |  1- 3 |  4- 6 |  7- 9 | 10-12 | 13-15 | 16-18 | 19-21 || total
-------------------------+-------+-------+-------+-------+-------+-------+-------++-------
Melee: Hand axe          |    12 |    30 |    20 |       |       |       |       ||    62
       Headbutt          |     2 |     7 |    20 |    28 |    77 |   102 |    37 ||   273
       War axe           |     2 |       |    37 |    18 |       |       |       ||    57
       Broad axe         |       |       |       |   190 |   276 |   285 |   132 ||   883
       Executioner's axe |       |       |       |       |       |    38 |       ||    38
Invok: Berserk           |     1 |     2 |     6 |     7 |    13 |    11 |     2 ||    42
       Brothers in Arms  |       |       |       |     4 |     8 |     6 |       ||    18
       Trog's Hand       |       |       |       |     1 |     3 |     1 |     1 ||     6
Evoke: Wand              |       |       |       |     1 |       |       |       ||     1
       Condenser vane    |       |       |       |       |       |       |     3 ||     3
       Tin of tremorston |       |       |       |       |       |       |     2 ||     2
  Use: Potion            |       |       |     1 |     6 |     8 |     7 |     9 ||    31
       Scroll            |       |       |       |     1 |     2 |       |     2 ||     5
 Stab: Distracted        |       |       |       |     1 |     1 |     3 |       ||     5
       Invisible         |       |       |       |       |    16 |       |       ||    16
Armor: Scale mail        |     7 |    13 |     7 |       |       |       |       ||    27
       Plate armour      |       |       |    39 |    80 |    13 |       |       ||   132
       Gold dragon scale |       |       |       |       |    63 |   164 |    35 ||   262
Dodge: Dodged            |     3 |     9 |    13 |    45 |    33 |    82 |    16 ||   201
Block: Kite shield       |     6 |    10 |    34 |   119 |    23 |       |       ||   192
       Tower shield      |       |       |       |       |   149 |   432 |   190 ||   771
       Reflection        |       |       |       |       |       |    14 |     6 ||    20
       Other             |       |       |       |       |       |     9 |       ||     9

Table legend: (Time is in decaauts) A = Elapsed time spent in this place. B = Non-inter-level travel time spent in this place. C = Inter-level travel time spent in this place. D = Time resting spent in this place. E = Time spent auto-exploring this place. F = Levels seen in this place. G = Mean time per level. A B C D E F G +--------+--------+--------+--------+--------+-----+--------+ Total | 12201 | 12201 | 0 | 7926 | 20 | 1 | 12201.0 | Dungeon | 12201 | 12201 | 0 | 7926 | 20 | 1 | 12201.0 | +--------+--------+--------+--------+--------+-----+--------+

Top non-repeatable levels by time:
       D: 12201 daAuts
